 Dungeon Crawl Stone Soup version 0.21.0 (webtiles) character file.

194965 HungrySpirit the Devastator (level 17, 0/87 HPs)
             Began as a Deep Elf Artificer on Jan 7, 2018.
             Was the Champion of Vehumet.
             Shot with a sling bullet by a faun (19 damage)
             ... on level 2 of the Shoals on Jan 8, 2018.
             The game lasted 02:42:19 (49356 turns).

HungrySpirit the Devastator (Deep Elf Artificer)   Turns: 49356, Time: 02:42:19

Health: 0/87       AC:  6    Str: 12    XL:     17   Next: 69%
Magic:  1/49       EV: 24    Int: 24    God:    Vehumet [******]
Gold:   680        SH:  0    Dex: 15    Spells: 7/50 levels left

rFire    + . .     SeeInvis .   N - staff of energy
rCold    + . .     Gourm    .   (no shield)
rNeg     . . .     Faith    .   v - +1 robe {rC+ rF+}
rPois    +         Spirit   .   (helmet restricted)
rElec    .         Reflect  .   (no cloak)
rCorr    .         Harm     .   p - +1 pair of gloves {Str+3}
MR       +....                  R - +0 pair of boots {Fly}
Stlth    ++........             Y - amulet of magic regeneration
HPRegen  0.24/turn              O - ring of magical power
MPRegen  0.56/turn              B - ring of poison resistance

@: flying
A: beak, blink, wild magic 1
}: 1/15 runes: serpentine
a: Blink, Renounce Religion, Stop Flying


You were on level 2 of the Shoals.
You worshipped Vehumet.
Vehumet was exalted by your worship.
You were not hungry.

You visited 6 branches of the dungeon, and saw 30 of its levels.

You collected 2620 gold pieces.
You spent 1940 gold pieces at shops.

Inventory:

Hand Weapons
 C - the +8 hand axe of the Dungeon {holy, rN+++ MR+ SInv Stlth-}
   (You bought it in a shop on level 2 of the Orcish Mines)

   It has been blessed by the Shining One to cause great damage to the undead
   and demons.
   It renders you almost immune to negative energy.
   It affects your resistance to hostile enchantments.
   It lets you see invisible.
   It makes you less stealthy.
 K - the +7 long sword of Zemm {slice, rN+}
   (You found it on level 9 of the Dungeon)

   It inflicts extra damage upon your enemies.
   It protects you from negative energy.
Missiles
 e - a throwing net (quivered)
Armour
 g - a scarf of spirit shield
 p - a +1 pair of gloves of strength (worn)
 v - a +1 robe of resistance (worn)
 F - a cursed +0 shield
 R - a +0 pair of boots of flying (worn)
Magical Staves
 N - an uncursed staff of energy (weapon)
 Z - an uncursed staff of fire
Jewellery
 j - an uncursed ring of see invisible
 B - a ring of poison resistance (right hand)
 E - an uncursed ring of fire
 O - a ring of magical power (left hand)
 Y - an amulet of magic regeneration (around neck)
Wands
 a - a wand of digging (42)
 m - a wand of disintegration (17)
 D - a wand of iceblast (5)
 J - a wand of paralysis (4)
 M - a wand of acid (8)
 V - a wand of scattershot (5)
Scrolls
 c - 4 scrolls of enchant armour
 h - 7 scrolls of teleportation
 i - 15 scrolls of remove curse
 k - a scroll of holy word
 n - a scroll of fear
 s - 4 scrolls of fog
 x - 3 scrolls of enchant weapon
 G - a scroll of blinking
 Q - 4 scrolls of amnesia
 T - a scroll of vulnerability
 W - 3 scrolls of magic mapping
 X - 7 scrolls of identify
Potions
 d - 4 potions of lignification
 l - a potion of invisibility
 o - 3 potions of haste
 r - 3 potions of mutation
 t - 4 potions of curing
 u - 6 potions of brilliance
 w - 3 potions of ambrosia
 y - 2 potions of heal wounds
 z - 5 potions of resistance
 A - 2 potions of berserk rage
 S - 5 potions of agility
 U - a potion of might
Books
 H - a book of Transfigurations

   Spells                             Type                      Level
   a - Irradiate                      Conjuration/Transmutation    5
   b - Statue Form                    Transmutation/Earth          6
   c - Hydra Form                     Transmutation                6
   d - Dragon Form                    Transmutation                7
 I - a book of Misfortune

   Spells                             Type                      Level
   a - Confusing Touch                Hexes                        1
   b - Confuse                        Hexes                        3
   c - Gell's Gravitas                Translocation                3
   d - Petrify                        Transmutation/Earth          4
   e - Metabolic Englaciation         Hexes/Ice                    5
   f - Yara's Violent Unravelling     Hexes/Transmutation          5
 P - a book of Clouds

   Spells                             Type                      Level
   a - Poisonous Vapours              Poison/Air                   2
   b - Mephitic Cloud                 Conjuration/Poison/Air       3
   c - Conjure Flame                  Conjuration/Fire             3
   d - Freezing Cloud                 Conjuration/Ice/Air          6
   e - Ring of Flames                 Charms/Fire                  7
Miscellaneous
 b - a sack of spiders
 L - a lamp of fire
Comestibles
 f - 37 rations


   Skills:
 - Level 3.1 Fighting
   Level 7.2(9.3) Short Blades
 - Level 8.4(9.4) Long Blades
 + Level 15.9 Dodging
 - Level 1.2 Stealth
 + Level 17.0 Spellcasting
 * Level 17.7 Conjurations
 - Level 10.5 Hexes
 * Level 14.4 Fire Magic
 - Level 3.5 Air Magic
 - Level 4.0 Poison Magic
 - Level 3.2 Evocations


You had 7 spell levels left.
You knew the following spells:

 Your Spells              Type           Power        Failure   Level  Hunger
a - Confuse               Hex            #######.     1%          3    None
b - Conjure Flame         Conj/Fire      #######.     1%          3    None
c - Mephitic Cloud        Conj/Pois/Air  ######..     1%          3    None
d - Ignite Poison         Fire/Tmut/Pois ######..     1%          3    None
e - Force Lance           Conj/Tloc      ######..     1%          4    None
f - Bolt of Fire          Conj/Fire      #######...   1%          6    None
g - Venom Bolt            Conj/Pois      #######...   1%          5    None
h - Regeneration          Chrm/Necr      ####......   12%         3    None
i - Bolt of Cold          Conj/Ice       ######....   4%          6    None
j - Orb of Destruction    Conj           #######...   1%          7    None


Dungeon Overview and Level Annotations

Branches:
Dungeon (15/15)            Temple (1/1) D:7            Lair (6/6) D:9
 Shoals (2/4) Lair:2        Snake (4/4) Lair:3        Slime (0/5) Lair:5
    Orc (2/2) D:12            Elf (0/3) Orc:2        Vaults (0/5) D:14
 Depths (0/5) D:15

Altars:
Ashenzari
Cheibriados
Dithmenos
Elyvilon
Fedhas
Gozag
Hepliaklqana
Kikubaaqudgha
Makhleb
Nemelex Xobeh
Okawaru
Qazlal
Ru
Sif Muna
Trog
Uskayaw
Vehumet
Wu Jian
Xom
Yredelemnul
Zin
The Shining One

Shops:
D:4 *   Orc:2 ([*   Shoals:2 }   Snake:2 [%=*

Annotations:
D:2 Natasha
D:3 Ghouzt's ghost, amateur DsAK
D:12 Josephine


Innate Abilities, Weirdness & Mutations

You have a beak for a mouth.
You can translocate small distances at will.
Your spells are a little harder to cast, but a little more powerful.


Message History

You start resting.
Casting: Force Lance
Confirm with . or Enter, or press ? or * to list all spells.
Aiming: Force Lance
Press: ? - help, Shift-Dir - straight line, f - faun
Aim: a faun, wielding a hunting sling The lance of force hits the faun.
The faun is moderately wounded.
The faun is knocked back by the lance of force.
Casting: Force Lance
Confirm with . or Enter, or press ? or * to list all spells.
Aiming: Force Lance
Press: ? - help, Shift-Dir - straight line, f/p - faun
Aim: a faun, wielding a hunting sling (moderately wounded)
The lance of force hits the faun.
The faun is severely wounded.
The faun is knocked back by the lance of force.
Unknown command.
The faun shoots a sling bullet.
The sling bullet hits you!!
You die...

≈≈≈≈≈≈≈≈≈≈≈≈≈≈≈.≈≈≈≈≈≈≈≈≈≈≈
≈≈≈≈≈≈.≈..≈≈≈..(..∩.....≈≈≈≈≈
≈≈≈≈≈≈≈≈..≈≈≈......(....≈≈≈≈≈≈
≈≈≈≈≈≈≈≈≈................≈≈≈≈≈
≈≈≈≈≈≈≈..................≈≈≈≈≈ ≈
≈≈≈≈≈≈≈...>#..............≈≈≈≈ ≈
≈≈≈≈≈≈≈....#..............≈≈≈≈ ≈
≈≈≈≈≈≈≈≈.≈≈.).............≈≈≈≈ ≈
≈≈≈≈≈≈.......((.@.)......≈)≈≈≈ ≈
≈≈≈≈≈.....)..#########...≈)≈≈≈ ≈
≈.≈≈≈≈≈..c......#####.≈≈≈≈≈≈≈≈ ≈
≈.≈≈≈≈............##.≈≈≈≈≈≈≈...≈≈
...≈≈≈..#............≈≈≈≈≈≈.##..≈
...≈≈≈..##....≈≈≈......≈≈≈≈≈###≈≈
###.≈.≈(.##...(≈≈≈........≈≈≈≈≈≈≈
###.≈≈≈.###.c≈≈≈≈≈..........≈≈≈≈≈
##..≈≈≈≈(...≈≈≈≈.....###.....≈≈≈≈


You could see a faun.

Vanquished Creatures
  Jorgrun (Snake:2)
  Frances (Shoals:1)
  Kirke (Shoals:1)
  The ghost of arkorax the Peltast, an adept MiWn of Cheibriados (Snake:2)
  9 nagarajas
  Louise (D:15)
  3 merfolk impalers
  2 ogre magi (D:15)
  3 hydras
  A merfolk avatar (Shoals:1)
  10 naga warriors
  3 centaur warriors
  6 anacondas
  2 merfolk aquamancers
  A satyr (Shoals:2)
  2 catoblepae
  2 dancing weapons (D:14)
  4 tengu warriors
  3 death yaks (Lair:6)
  3 shock serpents
  9 two-headed ogres
  An orc high priest (Orc:2)
  7 naga sharpshooters
  2 salamander mystics
  2 skeletal warriors (D:15)
  6 hell knights (D:10)
  An unseen horror (D:13)
  11 sea snakes
  A spark wasp zombie (D:15)
  A wizard (D:11)
  6 naga ritualists
  A stone giant zombie (D:15)
  2 necromancers
  9 harpies
  11 mana vipers
  A lindwurm (Lair:6)
  A phantasmal warrior (D:15)
  A harpy (shapeshifter) (D:14)
  3 oklob plants (Lair:6)
  13 fauns
  An orc knight (D:14)
  8 ugly things
  2 wolf spider zombies
  11 manticores
  A tengu zombie (D:15)
  6 cyclopes
  12 salamanders
  4 orc sorcerers (Orc:2)
  A salamander (shapeshifter) (D:13)
  39 black mambas
  11 elephants
  12 naga magi
  3 merfolk sirens
  8 guardian serpents
  2 centaur zombies (D:14)
  A torpor snail (Lair:6)
  7 rime drakes
  14 spiny frogs
  2 hornets
  A gargoyle (D:13)
  A freezing wraith (D:15)
  2 komodo dragons
  3 tengu conjurers
  13 merfolk
  4 trolls
  A troll (shapeshifter) (D:11)
  2 snapping turtles
  11 blink frogs
  11 dream sheep
  2 wind drakes (Shoals:1)
  6 hippogriffs
  A spriggan zombie (D:15)
  6 slime creatures (D:13)
  A spriggan (D:8)
  A tarantella (shapeshifter) (D:15)
  2 vampires
  3 wraiths
  42 yaks
  6 water elementals
  4 wyverns
  5 basilisks
  7 hogs (Shoals:1)
  A steam dragon (Lair:6)
  2 hungry ghosts
  4 vampire mosquitoes (D:12)
  A warg (Orc:1)
  5 acid dragons
  40 nagas
  7 hell hounds (D:10)
  10 water moccasins
  8 porcupines
  A swamp drake (Lair:6)
  10 ice beasts
  2 sky beasts
  2 black bears
  31 orc warriors
  A hornet zombie (D:12)
  5 phantoms
  20 ogres
  2 necrophages
  19 wolves
  20 centaurs
  14 crocodiles
  3 big kobolds
  22 bullfrogs
  8 scorpions
  6 killer bees (D:11)
  21 wights
  A howler monkey (D:4)
  11 crimson imps
  2 bullfrog zombies
  3 hounds (D:9)
  8 jellies
  5 centaur skeletons
  24 orc priests
  2 bullfrog skeletons (D:4)
  26 orc wizards
  5 iguanas
  Natasha (D:2)
  12 worker ants
  A killer bee zombie (D:7)
  A hound zombie (D:11)
  A worker ant zombie (D:11)
  2 howler monkey skeletons
  8 adders
  3 gnolls (D:9)
  5 shadow imps
  A white imp (D:12)
  3 oozes
  An adder zombie (D:9)
  3 adder skeletons
  3 worms
  2 dart slugs
  4 leopard geckos
  78 orcs
  3 giant cockroaches
  17 goblins
  10 hobgoblins
  21 jackals
  2 quokkas
  3 ball pythons
  6 bats
  5 frilled lizards
  A jackal zombie (D:5)
  26 kobolds
  7 rats
  3 bushes (Lair:6)
  A butterfly (Lair:6)
  4 fungi
  10 plants
1028 creatures vanquished.

Vanquished Creatures (collateral kills)
  An ice beast (D:8)
  An ogre (D:8)
  A leopard gecko (D:2)
  An orc (D:3)
  2 jackals (D:2)
  2 bats (D:2)
8 creatures vanquished.

Vanquished Creatures (others)
  An orc wizard (Orc:2)
  An orc (D:3)
  A bush (Shoals:1)
  10 fungi
  23 plants
  3 withered plants (D:15)
39 creatures vanquished.

Grand Total: 1075 creatures vanquished

Notes
Turn   | Place    | Note
-------+----------+-------------------------------------------
     0 | D:1      | HungrySpirit the Deep Elf Artificer began the quest for the Orb.
     0 | D:1      | Reached XP level 1. HP: 11/11 MP: 5/5
   779 | D:1      | Reached skill level 1 in Fighting
   782 | D:1      | Reached XP level 2. HP: 10/16 MP: 6/6
   940 | D:1      | Reached skill level 1 in Spellcasting
  1522 | D:2      | Noticed a wight
  1524 | D:2      | Noticed a wight
  1701 | D:2      | Noticed a wight
  1785 | D:2      | Reached XP level 3. HP: 16/20 MP: 7/7
  2859 | D:2      | Reached XP level 4. HP: 24/25 MP: 7/9
  3523 | D:3      | Reached XP level 5. HP: 23/30 MP: 10/10
  3801 | D:3      | Noticed Ghouzt's ghost (amateur DsAK)
  4247 | D:3      | Noticed Natasha
  4481 | D:2      | Killed Natasha
  4517 | D:2      | Noticed Natasha
  4787 | D:3      | Found a sacrificial altar of Ru.
  5145 | D:4      | Noticed an ogre
  5383 | D:4      | Found Uqeoklat's Assorted Antiques.
  5418 | D:4      | Bought a glowing gold wand for 96 gold pieces
  5418 | D:4      | Bought a scroll labeled KACICRO DETAW for 24 gold pieces
  5418 | D:4      | Bought a scroll labeled MUDGHO EKONI for 24 gold pieces
  5418 | D:4      | Bought a scroll labeled RYTWUA IPEILI for 24 gold pieces
  5420 | D:4      | Noticed a black bear
  5481 | D:4      | Noticed a dagger
  5493 | D:4      | Killed an ogre
  5493 | D:4      | Reached XP level 6. HP: 35/35 MP: 11/13
  6113 | D:4      | Noticed a hand axe
  6114 | D:4      | Found a hide-covered altar of Uskayaw.
  6185 | D:4      | Found a sparkling altar of Nemelex Xobeh.
  6186 | D:4      | Found an opulent altar of Gozag.
  6245 | D:4      | Reached XP level 7. HP: 21/40 MP: 11/15
  6925 | D:4      | Reached skill level 5 in Short Blades
  7185 | D:5      | Entered Level 5 of the Dungeon
  7239 | D:5      | Found a stormy altar of Qazlal.
  7356 | D:5      | Reached skill level 5 in Dodging
  7400 | D:4      | Reached skill level 5 in Spellcasting
  7565 | D:5      | Found a blossoming altar of Fedhas.
  7565 | D:5      | Found a shimmering altar of Xom.
  7566 | D:5      | Found a deep blue altar of Sif Muna.
  7567 | D:5      | Found a basalt altar of Yredelemnul.
  7568 | D:5      | Found a bloodstained altar of Trog.
  7678 | D:5      | Reached XP level 8. HP: 18/44 MP: 9/18
  8472 | D:6      | Found a snail-covered altar of Cheibriados.
  8963 | D:6      | Found a shadowy altar of Dithmenos.
  9333 | D:6      | Learned a level 3 spell: Confuse
  9403 | D:7      | Reached skill level 1 in Hexes
  9697 | D:7      | Reached skill level 1 in Long Blades
  9838 | D:7      | Found a staircase to the Ecumenical Temple.
  9880 | Temple   | Entered the Ecumenical Temple
  9921 | Temple   | Became a worshipper of Vehumet
 10517 | D:8      | Noticed a hornet
 10591 | D:8      | Killed a hornet
 10591 | D:8      | Reached XP level 9. HP: 48/48 MP: 20/22
 10644 | D:8      | Reached skill level 5 in Hexes
 10764 | D:8      | Found a shattered altar of Ashenzari.
 11151 | D:9      | Noticed a tengu warrior
 11413 | D:4      | Bought a short glowing staff for 288 gold pieces
 11585 | D:9      | Reached * piety under Vehumet
 11585 | D:9      | Offered knowledge of Sting by Vehumet.
 11593 | D:9      | Learned a level 3 spell: Conjure Flame
 11752 | D:9      | Reached skill level 1 in Fire Magic
 11766 | D:9      | Noticed a troll
 12847 | D:9      | Noticed a two-headed ogre
 12852 | D:9      | Reached XP level 10. HP: 53/53 MP: 21/24
 12855 | D:9      | Killed a two-headed ogre
 12878 | D:10     | Entered Level 10 of the Dungeon
 13246 | D:9      | Got an ichor-stained long sword
 13247 | D:9      | Identified the +7 long sword of Zemm {slice, rN+} (You found it on level 9 of the Dungeon)
 13268 | D:9      | Reached skill level 1 in Conjurations
 13287 | D:9      | Found a staircase to the Lair.
 13733 | Lair:1   | Entered Level 1 of the Lair of Beasts
 13790 | Lair:1   | Noticed a black mamba
 13793 | Lair:1   | Killed a black mamba
 14353 | D:9      | Reached ** piety under Vehumet
 14353 | D:9      | Offered knowledge of Sandblast by Vehumet.
 14494 | Lair:1   | Reached skill level 10 in Hexes
 14699 | Lair:1   | Reached XP level 11. HP: 57/57 MP: 23/26
 14903 | Lair:1   | Reached skill level 5 in Conjurations
 15129 | Lair:1   | Noticed a four-headed hydra
 15138 | Lair:1   | Killed a four-headed hydra
 15138 | Lair:1   | Reached skill level 10 in Spellcasting
 15418 | Lair:1   | Reached skill level 5 in Long Blades
 15882 | Lair:2   | Reached skill level 10 in Dodging
 16557 | Lair:2   | Offered knowledge of Inner Flame by Vehumet.
 17577 | Lair:2   | Found a staircase to the Shoals.
 17656 | Lair:2   | Learned a level 3 spell: Mephitic Cloud
 17738 | Lair:3   | Noticed a six-headed hydra
 17895 | Lair:3   | Found a staircase to the Snake Pit.
 18144 | Lair:3   | Reached skill level 1 in Air Magic
 18144 | Lair:3   | Reached skill level 1 in Poison Magic
 18581 | Lair:3   | Reached XP level 12. HP: 62/62 MP: 25/29
 18706 | Lair:4   | Found the +3 robe of Folly {Archmagi, MR-- Int+5}
 19547 | Lair:4   | Found a blossoming altar of Fedhas.
 20239 | Lair:5   | Gained mutation: You have supernaturally acute eyesight. (SInv) [potion of mutation]
 20239 | Lair:5   | Gained mutation: Armour fits poorly on your strangely shaped body. [potion of mutation]
 20239 | Lair:5   | Gained mutation: You do not regenerate when monsters are visible. [potion of mutation]
 20239 | Lair:5   | Gained mutation: You possess an exceptional clarity of mind. [potion of mutation]
 20240 | Lair:5   | Lost mutation: Armour fits poorly on your strangely shaped body. [potion of mutation]
 20240 | Lair:5   | Lost mutation: You possess an exceptional clarity of mind. [potion of mutation]
 20240 | Lair:5   | Lost mutation: You do not regenerate when monsters are visible. [potion of mutation]
 20240 | Lair:5   | Lost mutation: You have supernaturally acute eyesight. (SInv) [potion of mutation]
 20240 | Lair:5   | Gained mutation: You can translocate small distances at will. [potion of mutation]
 20240 | Lair:5   | Gained mutation: You have a beak for a mouth. [potion of mutation]
 20240 | Lair:5   | Gained mutation: Your spells are a little harder to cast, but a little more powerful. [potion of mutation]
 20358 | Lair:5   | Reached *** piety under Vehumet
 20513 | Lair:5   | Found a staircase to the Slime Pits.
 21343 | Lair:5   | You fall through a shaft!
 21343 | Lair:6   | Entered Level 6 of the Lair of Beasts
 21860 | Lair:6   | Offered knowledge of Ignite Poison by Vehumet.
 22065 | Lair:6   | Learned a level 3 spell: Ignite Poison
 22619 | Lair:6   | Reached skill level 10 in Conjurations
 22720 | Lair:6   | Noticed a death yak
 22745 | Lair:6   | Killed a death yak
 22748 | Lair:6   | Noticed a death yak
 22750 | Lair:6   | Noticed an eight-headed hydra
 22812 | Lair:6   | Killed a death yak
 22997 | Lair:6   | Reached **** piety under Vehumet
 23084 | Lair:6   | Reached XP level 13. HP: 63/66 MP: 31/31
 23092 | Lair:6   | Offered knowledge of Throw Icicle by Vehumet.
 24131 | Lair:6   | HP: 2/66 [eight-headed hydra (6)]
 25501 | D:10     | Identified a scroll of acquirement
 25793 | D:10     | Reached ***** piety under Vehumet
 25828 | D:10     | Offered knowledge of Force Lance by Vehumet.
 26077 | D:11     | Learned a level 4 spell: Force Lance
 27173 | D:12     | Found a staircase to the Orcish Mines.
 28360 | D:12     | Offered knowledge of Bolt of Fire by Vehumet.
 28419 | D:12     | Learned a level 6 spell: Bolt of Fire
 28433 | D:12     | Noticed Josephine
 28844 | Orc:1    | Entered Level 1 of the Orcish Mines
 29321 | Orc:2    | Entered Level 2 of the Orcish Mines
 29586 | Orc:1    | Reached XP level 14. HP: 45/74 MP: 5/33
 30360 | Orc:2    | Found Fauteso's General Store.
 31045 | Orc:2    | Found a staircase to the Elven Halls.
 31068 | Orc:2    | Offered knowledge of Venom Bolt by Vehumet.
 31226 | Orc:2    | Found Hotya's Book Shop.
 31227 | Orc:2    | Found Joerenam's Weapon Shop.
 31231 | Orc:2    | Found Fuos's Armour Boutique.
 31258 | Orc:2    | Reached skill level 5 in Fire Magic
 31534 | Orc:2    | Bought a scroll of blinking for 82 gold pieces
 31537 | Orc:2    | Bought the +8 hand axe of the Dungeon {holy, rN+++ MR+ SInv Stlth-} for 899 gold pieces
 31728 | Lair:6   | Learned a level 5 spell: Venom Bolt
 33238 | D:13     | Learned a level 3 spell: Regeneration
 33246 | D:13     | You are sucked into a shaft for 2 floors!
 33246 | D:15     | Entered Level 15 of the Dungeon
 33246 | D:15     | Found a staircase to the Depths.
 33251 | D:15     | Noticed Louise
 35263 | D:14     | Found a gate to the Vaults.
 36578 | D:14     | Offered knowledge of Spellforged Servitor by Vehumet.
 36628 | D:14     | Reached XP level 15. HP: 75/78 MP: 12/35
 37154 | D:15     | Killed Louise
 38760 | Snake:1  | Entered Level 1 of the Snake Pit
 38872 | Snake:1  | Reached skill level 10 in Fire Magic
 39232 | Snake:1  | Reached skill level 15 in Spellcasting
 39989 | Snake:2  | Noticed arkorax's ghost (adept MiWn)
 39994 | Snake:2  | Killed arkorax's ghost
 39994 | Snake:2  | Reached skill level 15 in Conjurations
 40660 | Snake:2  | Found Hukhilaz's Food Shoppe.
 40663 | Snake:2  | Found Daelu's General Store.
 40663 | Snake:2  | Found Qaaplew's Armour Shoppe.
 40666 | Snake:2  | Found Huapom's Jewellery Emporium.
 40764 | Snake:2  | Bought a +1 robe of resistance for 425 gold pieces
 40764 | Snake:2  | Bought a scroll of identify for 26 gold pieces
 40764 | Snake:2  | Bought a scroll of identify for 26 gold pieces
 40764 | Snake:2  | Bought a scroll of identify for 26 gold pieces
 40843 | Snake:2  | Noticed Jorgrun
 40847 | Snake:2  | Killed Jorgrun
 41237 | Snake:2  | Reached XP level 16. HP: 83/83 MP: 35/37
 41290 | Snake:2  | Reached ****** piety under Vehumet
 41665 | Snake:3  | Offered knowledge of Bolt of Cold by Vehumet.
 41895 | Snake:3  | Learned a level 6 spell: Bolt of Cold
 43545 | Snake:4  | Entered Level 4 of the Snake Pit
 44870 | Snake:4  | Reached skill level 15 in Dodging
 45195 | Snake:4  | Offered knowledge of Orb of Destruction by Vehumet.
 46018 | Snake:4  | Learned a level 7 spell: Orb of Destruction
 46090 | Snake:4  | Reached XP level 17. HP: 87/87 MP: 15/39
 46538 | Snake:4  | Got a serpentine rune of Zot
 46780 | Shoals:1 | Entered Level 1 of the Shoals
 47700 | Shoals:1 | Offered knowledge of Conjure Ball Lightning by Vehumet.
 47794 | Shoals:1 | Noticed Frances
 47797 | Shoals:1 | Noticed Kirke
 47803 | Shoals:1 | Killed Frances
 47899 | Shoals:1 | Killed Kirke
 49250 | Shoals:2 | Found Ajivif's Gadget Boutique.
 49356 | Shoals:2 | Shot with a sling bullet by a faun

Skill      XL: |  1  2  3  4  5  6  7  8  9 10 11 12 13 14 15 16 17 |
---------------+----------------------------------------------------+-----
Fighting       | 1 2 3 |  3.1
Spellcasting   | 1 2 3 4 5 7 8 9 11 12 13 14 15 16 17 | 17.0
Short Blades   | 2 3 4 6 7 |  7.2
Dodging        | 3 4 5 7 8 9 10 11 12 13 14 15 | 15.9
Hexes          | 4 7 10 | 10.5
Long Blades    | 2 3 4 5 7 8 |  8.4
Fire Magic     | 2 3 4 8 11 13 14 | 14.4
Conjurations   | 4 8 10 12 13 15 16 17 | 17.7
Air Magic      | 1 3 |  3.5
Poison Magic   | 1 4 |  4.0
Stealth        | |  1.2
Evocations     | |  3.2

Action                   |  1- 3 |  4- 6 |  7- 9 | 10-12 | 13-15 | 16-18 || total
-------------------------+-------+-------+-------+-------+-------+-------++-------
Melee: Short sword       |   132 |   325 |   373 |    20 |       |       ||   850
       Scimitar          |       |       |   150 |       |       |       ||   150
       Falchion          |       |       |    40 |       |       |       ||    40
       Long sword        |       |       |       |   674 |   752 |     2 ||  1428
       Peck              |       |       |       |    51 |   184 |       ||   235
       Staff             |       |       |       |       |     9 |       ||     9
Throw: Throwing net      |       |       |       |       |       |     1 ||     1
 Cast: Confuse           |       |       |    21 |   187 |   146 |     6 ||   360
       Conjure Flame     |       |       |       |     2 |       |       ||     2
       Mephitic Cloud    |       |       |       |     1 |     1 |       ||     2
       Force Lance       |       |       |       |       |   320 |   114 ||   434
       Bolt of Fire      |       |       |       |       |   236 |   298 ||   534
       Venom Bolt        |       |       |       |       |     4 |       ||     4
       Bolt of Cold      |       |       |       |       |       |     9 ||     9
       Orb of Destructio |       |       |       |       |       |     4 ||     4
       Regeneration      |       |       |       |       |       |     1 ||     1
Evoke: Wand              |    14 |    31 |    39 |    19 |     4 |       ||   107
       Sack of spiders   |       |       |       |       |     4 |       ||     4
       Staff of energy   |       |       |       |       |     4 |     4 ||     8
  Use: Potion            |     1 |     3 |     3 |     5 |     9 |       ||    21
       Scroll            |       |     4 |    13 |    10 |    15 |     7 ||    49
 Stab: Sleeping          |     1 |       |     4 |     5 |     1 |       ||    11
       Paralysed         |       |       |    20 |     3 |       |       ||    23
       Distracted        |       |       |     1 |     1 |       |       ||     2
       Confused          |       |       |     6 |    96 |    57 |       ||   159
       Petrified         |       |       |       |       |     3 |       ||     3
  Eat: Chunk             |     5 |    12 |    18 |    35 |    36 |     9 ||   115
       Ration            |       |       |     1 |     1 |     8 |     5 ||    15
Armor: Leather armour    |    59 |    88 |    98 |    57 |   104 |       ||   406
       Robe              |       |       |       |       |       |     8 ||     8
Dodge: Dodged            |   135 |   242 |   326 |   464 |   626 |   146 ||  1939
       Rpst.: Scimitar   |       |       |    39 |       |       |       ||    39
       Falchion          |       |       |     6 |       |       |       ||     6
       Long sword        |       |       |       |   137 |   121 |       ||   258
